 Dungeon Crawl Stone Soup version 0.16-a0-4056-gee4db93 (webtiles) character file.

56 vatarom the Sneak (level 3, 0/18 HPs)
             Began as a Vine Stalker Assassin on Feb 20, 2015.
             Succumbed to Sigmund's poison
             ... on level 2 of the Dungeon.
             The game lasted 00:03:19 (1100 turns).

vatarom the Sneak (Vine Stalker Assassin)           Turns: 1100, Time: 00:03:19

Health: 0/18       AC:  4    Str: 13    XL:     3   Next: 97%
Magic:  1/4        EV: 13    Int: 11    God:
Gold:   127        SH:  0    Dex: 16    Spells: 0 memorised, 2 levels left

rFire  . . .     SeeInvis .     a - +2 dagger
rCold  . . .     Clarity  .     c - +0 robe
rNeg   . . .     SustAb   .     (no shield)
rPois  .         Gourm    .     (no helmet)
rElec  .         Spirit   +     d - +0 cloak
rCorr  .         Warding  .     i - +0 pair of gloves
rMut   .         Stasis   .     (no boots)
MR     .....                    (no amulet)
Stlth  +++.......               (no ring)
                                (no ring)

@: lethally poisoned (0 -> -17), not resistant to hostile enchantments, fairly
stealthy
A: fangs 2, regeneration 1, magic shield, antimagic bite, no device heal 3, rot
immunity
a: no special abilities


You were on level 2 of the Dungeon.
You were hungry.

You visited 1 branch of the dungeon, and saw 2 of its levels.

You collected 127 gold pieces.

Inventory:

Hand weapons
 a - a +2 dagger (weapon)
 b - a +0 blowgun
 m - a +0 dagger of protection
 n - a +0 quarterstaff of distortion
Missiles
 e - 8 poisoned needles
 f - 2 curare-tipped needles
Armour
 c - a +0 robe (worn)
 d - a +0 cloak (worn)
 i - a +0 pair of gloves (worn)
Scrolls
 l - 2 scrolls of recharging
Potions
 j - a potion of restore abilities {unknown}
Comestibles
 g - 2 bread rations
 h - a meat ration
 k - 2 fruits


   Skills:
 - Level 1.7 Fighting
 - Level 1.7 Short Blades
 - Level 1.7 Throwing
 + Level 2.8 Dodging
 - Level 5.0 Stealth


You had 2 spell levels left.
You didn't know any spells.

Dungeon Overview and Level Annotations

Branches:
Dungeon (2/15)

Altars:
Okawaru
Xom

Annotations:
D:2 Sigmund


Innate Abilities, Weirdness & Mutations

You have extremely sharp teeth.
Your natural rate of healing is unusually fast.
When hurt, damage is shared between your health and your magic reserves.
Your bite disrupts and absorbs the magic of your enemies.
Potions and wands cannot restore your health.
You are immune to rotting.


Message History

Found a scroll of identify.
An adder comes into view.
Sigmund shouts!
Sigmund casts a spell.
Sigmund flickers and vanishes!
Deactivating autopickup; reactivate with Ctrl-A.
Something hits you!
You are poisoned.
The adder misses you.
You hit the adder. You bite the adder, but do no damage.
The adder is moderately wounded.
You feel sick. The adder bites you but does no damage.
Read which item? (? for menu, Esc to quit)
You don't have any such object.
Read which item? (? for menu, Esc to quit)
Okay, then.
You feel sick. Something hits you!
* * * LOW HITPOINT WARNING * * *
You are more poisoned.
You die...

.# ###.# #### ....#####
#... .#######.......# #...
...............# #...
#........{......# #...
#...............# ###.
#.......S.#.##### #.
..?......@.##############.
.##....>...........(......
...........#############†
##.###..##.#############.
#. #...................
###.#.#############. ....#
#. ##.### #. #.


You could see an adder.

Vanquished Creatures
  2 adders (D:2)
  A worm (D:2)
  2 giant geckos
  A giant cockroach (D:1)
  A hobgoblin (D:1)
  9 jackals (D:2)
  3 kobolds
  2 bats
  2 giant newts (D:2)
  3 goblins
  7 rats
33 creatures vanquished.

Notes
Turn   | Place    | Note
--------------------------------------------------------------
     0 | D:1      | vatarom, the Vine Stalker Assassin, began the quest for the Orb.
     0 | D:1      | Reached XP level 1. HP: 11/11 MP: 1/1
   327 | D:1      | Reached skill level 5 in Stealth
   338 | D:1      | Reached skill level 1 in Dodging
   386 | D:1      | Reached XP level 2. HP: 15/15 MP: 3/3
   793 | D:2      | Reached XP level 3. HP: 15/18 MP: 4/4
  1066 | D:2      | Found a shimmering altar of Xom.
  1067 | D:2      | Found an iron altar of Okawaru.
  1092 | D:2      | Noticed Sigmund
  1100 | D:2      | Succumbed to Sigmund's poison

Action                   || total
-------------------------++-------
Melee: Dagger            ||    84
  Use: Scroll            ||     5
       Potion            ||     1
 Stab: Sleeping          ||     9
       Distracted        ||     1
